 Dungeon Crawl Stone Soup version 0.17.1-3-g152610e (webtiles) character file.

135 juanjsm the Stinger (level 4, 0/31 HPs)
             Began as a Spriggan Venom Mage on Apr 16, 2016.
             Killed from afar by an orc wizard (4 damage)
             ... with a magic dart
             ... on level 3 of the Dungeon.
             The game lasted 00:11:26 (2129 turns).

juanjsm the Stinger (Spriggan Venom Mage)           Turns: 2129, Time: 00:11:26

Health: 0/31       AC: 22    Str:  4    XL:     4   Next: 97%
Magic:  1/10       EV:  4    Int: 17    God:
Gold:   102        SH:  0    Dex: 16    Spells: 3 memorised, 3 levels left

rFire  . . .     SeeInvis +     h - +0 dagger
rCold  . . .     Clarity  .     (armour currently unavailable)
rNeg   + + +     SustAt   .     (shield restricted)
rPois  +         Gourm    .     (helmet currently unavailable)
rElec  .         Spirit   .     (cloak currently unavailable)
rCorr  .         Warding  .     (gloves unavailable)
rMut   .         NoTele   +     (boots unavailable)
MR     +....                    (no amulet)
Stlth  ++++......               (no ring)
                                o - ring of protection from magic

@: tree-form, very slightly contaminated, somewhat resistant to hostile
enchantments, stealthy
A: unfitting armour, see invisible, herbivore 3, (speed 0), slow metabolism 2
a: no special abilities


You were on level 3 of the Dungeon.
You were not hungry.
You were a tree.
You visited 1 branch of the dungeon, and saw 3 of its levels.

You collected 102 gold pieces.

Inventory:

Hand Weapons
 h - a +0 dagger (weapon)
Armour
 a - a +0 robe (melded)
Jewellery
 o - a ring of protection from magic (left branch)
Scrolls
 f - a scroll of immolation {unknown}
 g - a scroll of enchant armour {unknown}
 j - 3 scrolls of identify {unknown}
 k - 2 scrolls of teleportation {unknown}
 m - a scroll of blinking {unknown}
 n - a scroll of fog {unknown}
Potions
 d - a potion of lignification
 e - a potion of mutation {unknown}
 i - 2 potions of curing {unknown}
 l - a potion of haste {unknown}
Books
 b - a Young Poisoner's Handbook

   Spells                             Type                      Level
   a - Sting                          Conjuration/Poison           1
   b - Cure Poison                    Poison                       2
   c - Mephitic Cloud                 Conjuration/Poison/Air       3
   d - Olgreb's Toxic Radiance        Poison                       4
   e - Venom Bolt                     Conjuration/Poison           5
Comestibles
 c - 2 bread rations


   Skills:
 + Level 0.5 Fighting
 + Level 0.4 Short Blades
 + Level 4.5 Dodging
 + Level 3.8 Stealth
 + Level 3.4 Spellcasting
 + Level 0.9 Conjurations
 + Level 4.8 Poison Magic


You had 3 spell levels left.
You knew the following spells:

 Your Spells              Type           Power        Failure   Level  Hunger
a - Sting                 Conj/Pois      ##..         6%          1    None
b - Cure Poison           Pois           ###.......   3%          2    ##.....
c - Mephitic Cloud        Conj/Pois/Air  #.......     24%         3    ###....


Dungeon Overview and Level Annotations

Branches:
Dungeon (3/15)

Altars:
Qazlal
Ru


Innate Abilities, Weirdness & Mutations

You are tiny and cannot use many weapons and most armour.
You have supernaturally acute eyesight.
You are a herbivore.
((You cover ground extremely quickly.))
You need consume almost no food.


Message History

Nothing appears to happen.
The orc wizard casts a spell at you. The magic dart hits you!
The goblin hits you with a club.
* * * LOW HITPOINT WARNING * * *
A goblin comes into view.
Unknown command.
Drink which item? (? for menu, Esc to quit)
It was a potion of lignification.
You turn into a tree.
Your +0 robe melds into your body.
Your roots penetrate the ground.
The orc wizard hits you but does no damage.
The goblin hits you but does no damage.
You are too injured to fight recklessly!
You are too injured to fight recklessly!
You hit the goblin but do no damage.
The orc wizard hits you but does no damage.
The goblin hits you but does no damage.
You closely miss the goblin.
The orc wizard points at you and mumbles some strange words.
The magic dart hits you!
You die...

## .........## ..
####...##########
.##
#....#...........
.<##
#.##...##########
.#.##########.###.##
###.....).....# #.#
# ##.##........##.#
# #.###.######.##o#
)#.# #.# #.lg♣.# [.#
#.# #.)#### ..# #.#
#..# ... ..# #..#
..o. ..# #.l
...####. ####...
o..# .. ..##... #
#.#..##.##
##.#.........


You could see an orc wizard, a goblin and a giant newt.

Vanquished Creatures
  Terence (D:2)
  Robin (D:3)
  4 adders (D:2)
  2 oozes (D:2)
  2 worms (D:2)
  2 orcs (D:3)
  2 bats (D:2)
  4 giant cockroaches
  5 goblins
  6 hobgoblins
  6 kobolds
  6 giant newts
  3 jackals (D:1)
  9 rats
53 creatures vanquished.

Notes
Turn   | Place    | Note
--------------------------------------------------------------
     0 | D:1      | juanjsm the Spriggan Venom Mage began the quest for the Orb.
     0 | D:1      | Reached XP level 1. HP: 9/9 MP: 5/5
   122 | D:2      | Found a sacrificial altar of Ru.
   122 | D:2      | Noticed Terence
   229 | D:2      | Reached XP level 2. HP: 11/13 MP: 1/6
   234 | D:2      | Learned a level 2 spell: Cure Poison
  1029 | D:2      | Reached XP level 3. HP: 6/16 MP: 0/8
  1409 | D:2      | Learned a level 3 spell: Mephitic Cloud
  1532 | D:2      | Killed Terence
  1532 | D:2      | Reached XP level 4. HP: 21/21 MP: 0/9
  1774 | D:3      | Noticed Robin
  1831 | D:2      | Found a stormy altar of Qazlal.
  2121 | D:3      | Killed Robin
  2129 | D:3      | Killed from afar by an orc wizard

Action                   |  1- 3 |  4- 6 || total
-------------------------+-------+-------++-------
Melee: Short sword       |    13 |       ||    13
       Dagger            |    61 |    42 ||   103
 Cast: Sting             |    52 |    34 ||    86
       Mephitic Cloud    |       |     1 ||     1
  Use: Potion            |       |     1 ||     1
 Stab: Sleeping          |     6 |     5 ||    11
